Map: Echo LE (Void)

Players

Bop - Winner!

  • Race: Protoss Protoss

CaptWaffles

  • Race: Terran Terran

VOD

Have the link to the VOD?

Description

Time

  • Played on: May 4, 2015, 12:57 a.m.
  • Length: 13:09
Show
View Real Time Build Order
Export as new Build Order

Bop Protoss - Winner!

Build Orders: Mass Adepts 

Get SALT Encoding   

  12  0:01  Probe  
  13  0:13  Pylon  
  13  0:17  Probe  
  14  0:31  Probe (Chrono Boost)  
  15  0:38  Gateway  
  15  0:41  Probe (Chrono Boost)  
  16  0:48  Probe, Assimilator  
  17  1:00  Probe  
  17  1:02  Pylon  
  18  1:12  Probe (Chrono Boost)  
  19  1:24  Probe (Chrono Boost)  
  19  1:25  Cybernetics Core  
  20  1:29  Gateway  
  20  1:32  Probe (Chrono Boost)  
  21  2:02  Warp Gate  
  21  2:04  Adept (Chrono Boost)  
  23  2:11  Pylon  
  23  2:19  Adept (Chrono Boost)  
  27  2:26  Adept (Chrono Boost)  
  29  2:45  Adept (Chrono Boost)  
  29  2:49  Adept (Chrono Boost)  
  31  2:55  Gateway  
  31  2:59  Gateway  
  31  3:05  Adept  
  31  3:07  Nexus  
  31  3:11  Probe  
  33  3:22  Adept  
  33  3:23  Probe  
  38  3:43  Pylon  
  38  3:46  Probe  
  37  3:58  Probe  
  38  4:03  Pylon  
  36  4:26  Stalker x3  
  36  4:27  Stalker  
  44  4:35  Assimilator  
  44  4:41  Pylon  
  42  4:52  Adept x2  
  44  4:53  Adept x2  
  44  4:54  Probe (Chrono Boost)  
  44  4:57  Probe (Chrono Boost)  
  52  5:05  Probe (Chrono Boost)  
  54  5:07  Probe (Chrono Boost)  
  54  5:11  Probe (Chrono Boost)  
  55  5:14  Probe  
  54  5:23  Probe  
  45  5:39  Probe x2 (Chrono Boost)  
  47  5:43  Twilight Council  
  47  5:44  Adept x3, Pylon  
  47  5:49  Probe x2 (Chrono Boost)  
  55  5:56  Probe (Chrono Boost)  
  55  5:57  Probe (Chrono Boost)  
  51  6:05  Assimilator  
  51  6:07  Probe (Chrono Boost), Assimilator  
  51  6:08  Probe (Chrono Boost)  
  51  6:13  Probe (Chrono Boost)  
  51  6:14  Probe (Chrono Boost)  
  49  6:25  Probe, Robotics Facility  
  50  6:26  Probe  
  50  6:28  Forge  
  50  6:29  Charge (Chrono Boost)  
  51  6:37  Probe  
  51  6:38  Probe  
  53  6:40  Adept x2  
  53  6:41  Adept  
  59  6:55  Protoss Ground Weapons Level 1 (Chrono Boost)  
  59  7:04  Nexus  
  58  7:10  Stalker x2  
  57  7:16  Probe (Chrono Boost)  
  58  7:26  Probe (Chrono Boost)  
  59  7:37  Stalker x4  
  67  7:51  Observer  
  68  7:53  Probe  
  68  7:54  Probe  
  68  7:55  Blink (Chrono Boost)  
  68  7:56  Pylon  
  70  8:06  Probe x2  
  70  8:10  Pylon  
  70  8:12  Observer  
  73  8:15  Pylon x2  
  73  8:20  Gateway  
  73  8:21  Gateway  
  73  8:28  Probe x2 (Chrono Boost)  
  76  8:34  Probe (Chrono Boost)  
  76  8:38  Probe x2 (Chrono Boost)  
  76  8:40  Templar Archives  
  79  8:42  Probe (Chrono Boost)  
  79  8:44  Protoss Ground Weapons Level 2 (Chrono Boost)  
  79  8:45  Probe  
  80  8:52  Adept x2  
  84  8:56  Probe  
  84  8:57  Probe  
  86  9:14  Robotics Bay  
  86  9:16  Assimilator  
  86  9:17  Assimilator  
  86  9:30  Adept x3  
  86  9:31  Adept x3  
  98  9:41  Gateway  
  98  9:43  Gateway  
  98  9:51  High Templar x2  
  102  9:56  Archon  
  102  9:57  Nexus, Pylon  
  101  10:03  Stalker x2  
  104  10:18  Shield Upgrade (Chrono Boost)  
  104  10:19  High Templar x2  
  108  10:24  Pylon  
  108  10:25  Archon  
  105  10:29  Stalker x3  
  105  10:32  Probe x3  
  113  10:44  Probe x2  
  107  11:00  Stalker x3  
  107  11:01  Stalker  
  113  11:10  Probe (Chrono Boost)  
  113  11:11  Probe x2 (Chrono Boost)  
  111  11:16  Probe (Chrono Boost)  
  113  11:20  Probe x2 (Chrono Boost)  
  113  11:21  Disruptor (Chrono Boost)  
  113  11:22  Probe (Chrono Boost)  
  113  11:24  Probe (Chrono Boost)  
  112  11:26  Stalker  
  112  11:27  Stalker x2, Probe x2  
  112  11:30  Probe  
  112  11:42  Probe (Chrono Boost)  
  112  11:43  Probe x2 (Chrono Boost)  
  115  11:47  Assimilator  
  115  11:48  Assimilator  
  115  11:51  High Templar x4  
  123  11:59  Archon x2  
  123  12:07  Gateway  
  124  12:09  Gateway  
  124  12:10  Gateway  
  124  12:13  Disruptor  
  127  12:15  Pylon  
  127  12:16  Gateway  
  127  12:18  Gateway  
  127  12:26  Pylon  
  127  12:27  Adept x3, Disruptor (Chrono Boost)  
  127  12:29  High Templar  
  135  12:30  High Templar  
  135  12:33  Archon  
  125  12:52  Adept x6  
Show
View Real Time Build Order
Export as new Build Order

CaptWaffles Terran 

Build Orders: Reaper Expand 

Get SALT Encoding   

  12  0:01  SCV  
  13  0:14  SCV  
  13  0:21  Supply Depot  
  14  0:27  SCV  
  15  0:42  SCV  
  16  0:44  Barracks  
  16  0:47  Refinery  
  16  0:55  SCV  
  17  1:11  SCV  
  19  1:32  Reaper  
  20  1:33  Orbital Command  
  19  1:43  Command Center  
  19  1:52  Engineering Bay  
  19  2:02  SCV  
  19  2:05  Reaper  
  20  2:14  SCV  
  21  2:16  Supply Depot  
  21  2:19  Refinery  
  21  2:26  SCV  
  22  2:38  SCV  
  23  2:48  Barracks Reactor  
  23  2:50  SCV  
  23  2:52  Factory  
  23  2:59  Orbital Command  
  23  3:05  SCV  
  24  3:06  Bunker  
  24  3:18  SCV  
  24  3:30  SCV  
  24  3:31  SCV, Marine  
  24  3:32  Marine  
  27  3:36  Factory Tech Lab  
  27  3:42  SCV  
  27  3:46  SCV  
  28  3:49  Marine x2  
  30  3:56  Siege Tank  
  33  4:03  SCV x2  
  33  4:09  Marine x2  
  37  4:15  SCV x2  
  34  4:29  Starport  
  33  4:32  Command Center  
  33  4:44  Marine x2  
  33  4:45  Siege Tank  
  31  4:49  Orbital Command  
  26  4:56  SCV  
  27  5:01  Marine  
  27  5:02  Marine  
  27  5:03  Supply Depot  
  29  5:07  Medivac  
  29  5:10  SCV  
  28  5:34  Siege Tank  
  28  5:37  SCV, Medivac  
  28  5:40  Barracks Reactor  
  20  5:59  SCV  
  20  6:00  SCV  
  15  6:12  SCV x2  
  15  6:16  Orbital Command  
  17  6:24  SCV x2  
  19  6:29  Marine  
  20  6:36  SCV x2  
  22  6:41  Orbital Command  
  22  6:43  Marine  
  22  6:46  Marine  
  24  6:48  SCV x2, Siege Tank  
  29  7:00  SCV x2  
  31  7:12  SCV x2  
  33  7:32  SCV x2  
  33  7:33  SCV  
  33  7:34  Marine x2  
  38  7:44  SCV x2  
  38  7:49  SCV  
  41  7:55  Bunker  
  41  7:56  SCV  
  41  7:57  SCV  
  43  8:01  Supply Depot, SCV  
  43  8:02  Supply Depot  
  44  8:06  Siege Tank, Marine x2  
  44  8:10  SCV x2  
  51  8:13  SCV  
  51  8:14  Refinery  
  51  8:15  Refinery  
  51  8:19  Supply Depot  
  52  8:21  Supply Depot  
  52  8:22  SCV x2  
  54  8:30  SCV  
  54  8:34  SCV  
  56  8:41  SCV  
  57  8:42  SCV  
  58  8:51  Supply Depot  
  58  8:52  Supply Depot  
  58  8:53  SCV x2  
  58  8:54  SCV  
  61  8:56  Supply Depot, Siege Tank  
  61  8:57  Medivac  
  61  9:01  Factory  
  66  9:05  SCV x2  
  66  9:06  SCV  
  66  9:08  Factory  
  69  9:17  SCV  
  70  9:26  SCV  
  70  9:27  Missile Turret  
  70  9:28  Missile Turret  
  70  9:29  Siege Tank, Orbital Command  
  74  9:38  SCV  
  75  9:40  Armory  
  75  9:44  Starport Reactor  
  75  9:47  Orbital Command  
  75  9:49  Factory Tech Lab  
  75  9:53  Hellion x2  
  79  10:16  SCV x2  
  79  10:17  Hellion x2, Siege Tank x2  
  91  10:23  Medivac x2  
  95  10:39  Hellion x2  
  99  10:45  SCV x3  
  99  10:49  Siege Tank x2  
  68  11:09  Hellion x2  
  68  11:11  SCV x2  
  57  11:21  Siege Tank  
  57  11:22  Hellion  
  51  11:43  Siege Tank  
  51  11:46  Hellion x2  
  58  11:47  Orbital Command  
  58  11:49  SCV x2  
  58  11:53  Siege Tank  
  63  12:01  SCV  
  61  12:04  SCV  
  61  12:07  Hellion  
  64  12:25  SCV  
  64  12:27  SCV, Refinery  
  64  12:28  SCV  
  67  12:39  SCV  
  67  12:40  SCV  
  67  12:41  SCV  
Tags
 
Add a new tag
Caveats
  • Supply blocks, unpowered buildings, or Contaminate may cause inaccurate times.
  • Supply counts are checked every 10 seconds.